 Dungeon Crawl Stone Soup version 0.29-a0-266-gf56f883ddd (webtiles) character file.

Game seed: 12238691613980229777

74 spaghetti the Chucker (level 4, -8/33 HPs)
             Began as a Demonspawn Gladiator on Mar 6, 2022.
             Killed from afar by Ijyb (33 damage)
             ... with a bolt of acid
             ... on level 3 of the Dungeon.
             The game lasted 00:04:06 (2342 turns).

spaghetti the Chucker (Demonspawn Gladiator)        Turns: 2342, Time: 00:04:06

Health: -8/33      AC:  4    Str: 14 (16) XL:     4   Next: 10%
Magic:  4/4        EV: 12    Int:  7 (9)  God:
Gold:   219        SH:  0    Dex: 15      Spells: 3/3 levels left

rFire   . . .      SeeInvis .   a - +0 quarterstaff {staff}
rCold   . . .      Faith    .   (shield currently unavailable)
rNeg    . . .      Spirit   .   b - +0 leather armour
rPois   .          Reflect  .   c - +0 helmet
rElec   .          Harm     .   (no cloak)
rCorr   .          Rampage  .   (no gloves)
Will    .....                   (no boots)
Stlth   +.........              (no amulet)
HPRegen 0.11/turn               (no ring)
MPRegen 0.09/turn               (no ring)

@: no status effects
A: hooves 2, sanguine armour 1
a: no special abilities


You were on level 3 of the Dungeon.
You visited 1 branch of the dungeon, and saw 3 of its levels.

You collected 219 gold pieces.


Innate Abilities, Weirdness & Mutations

You have hoof-like feet.
When seriously injured, your blood forms armour. (AC +0)


   Skills:
 - Level 2.0 Fighting
 - Level 2.6 Staves
 + Level 4.0 Throwing
 - Level 2.6 Dodging


You had 3 spell levels left.
You didn't know any spells.
Your spell library contained the following spells:

 Spells                   Type           Power      Damage    Failure   Level
 Apportation              Tloc           0%         N/A       52%         1
 Alistair's Intoxication  Tmut/Pois      0%         N/A       100%        5

Inventory:

Hand Weapons
 a - a +0 quarterstaff (weapon) {staff}
 j - a +1 short sword of draining {short}
   (You took it off a kobold on level 1 of the Dungeon)
 p - a +0 dagger {short}
   (You took it off a kobold on level 2 of the Dungeon)
Missiles
 d - 3 throwing nets (quivered) {=f!fthrowing}
 e - a javelin {throwing}
 f - 70 stones {throwing}
 q - 3 poisoned darts {throwing}
Armour
 b - a +0 leather armour (worn)
 c - a +0 helmet (worn)
Magical Staves
 o - a staff of air {!astaff}
   (You found it on level 2 of the Dungeon)
Scrolls
 g - a scroll of torment {unknown}
 h - a scroll of enchant armour {unknown}
 i - a scroll of enchant weapon {unknown}
 k - 2 scrolls of vulnerability {!r!r}
 l - a scroll of fog {unknown}
 m - 2 scrolls of teleportation {unknown}
 r - a scroll of identify {unknown}
Potions
 n - 2 potions of heal wounds {@q2}

Dungeon Overview and Level Annotations

Branches:
Dungeon (3/15)

Altars:
Kikubaaqudgha

Shops:
D:1 *

Annotations:
D:3 Ijyb

#.# #.# #.# ##.##
#.###.#.##
#######.##.###.##
..........## ##.#
.#######.##.###..#
.............#.#.#
.#######.####.##.#
#@# ####.# #g# #.#
#S# #.# ... #.#
... .# #...# ...##
####


You could see Ijyb and an adder.


Message History

You hit the goblin but do no damage.
The goblin hits you with a +0 dagger. x2 😕 HP[-3]
You take 3 damage, and now have 21/27 hp.
You sock the goblin!
You kill the goblin!
No target in view!
No target in view!
No target in view!
No target in view!
No target in view!
No target in view!
No target in view!
No target in view!
No target in view!
No target in view!
No target in view!
No target in view!
No target in view!
No target in view!
No target in view!
You hear the slow rusting of a very distant drain.
Things that are here:
a +0 dagger {short}; a goblin corpse; 😎 HP[+6]
Your hp is fully restored (27).
Key pressed, stopping explore.
You see here a +0 ring mail.
A frilled lizard comes into view.
A frilled lizard is nearby!
You hear the slow rusting of a very distant drain.
The frilled lizard hisses angrily.
The frilled lizard bites you but does no damage.
You hit the frilled lizard. Your kick misses the frilled lizard.
The frilled lizard barely misses you.
You hit the frilled lizard.
You kill the frilled lizard!
No target in view!
No target in view!
No target in view!
No target in view!
No target in view!
No target in view!
No target in view!
No target in view!
No target in view!
An adder is nearby!
An adder is nearby!
An adder is nearby!
The adder hisses angrily.
You closely miss the adder. Your kick misses the adder.
The adder closely misses you.
You barely miss the adder. The adder closely misses you.
The adder barely misses you.
You thump the adder!
You kill the adder!
Your Throwing skill increases to level 4!
You have reached level 4!
You feel agile.
Your demonic ancestry asserts itself...
Your feet thicken and deform. 😎 HP[+6] MP[+1]
You now have 33 max hp (+6).
Your hp is fully restored (33).
Your mp is fully restored (4).
You hear the rusting of a very distant drain.
A ball python comes into view.
A ball python is nearby!
The ball python hisses angrily.
Ijyb the Twisted Goblin comes into view.
She is wielding a +0 dagger and carrying a wand of acid (6).
Ijyb shouts!
The ball python bites you. The ball python misses you. 😕 HP[-2]
You take 2 damage, and now have 31/33 hp.
You hit the ball python.
You kill the ball python! 😕 HP[+1]
An adder comes into view.
Ijyb hits you but does no damage.
You barely miss Ijyb. Ijyb barely misses you.
You barely miss Ijyb.
The adder hisses angrily.
Ijyb hits you with a +0 dagger. 😕 HP[-1]
You take 1 damage, and now have 31/33 hp.
You completely miss Ijyb.
Ijyb hits you with a +0 dagger. 😕 HP[-3]
You take 3 damage, and now have 28/33 hp.
You hit Ijyb. Ijyb barely misses you.
You hit Ijyb but do no damage. Ijyb hits you with a +0 dagger. Ijyb misses you.
You are too injured to fight recklessly! 😮 HP[-4]
You take 4 damage, and now have 24/33 hp.
You are too injured to fight recklessly!
You are too injured to fight recklessly!
You are too injured to fight recklessly!
Okay, then.
You hit Ijyb. Ijyb misses you. 😕 HP[+1]
You hit Ijyb. You kick Ijyb.
Ijyb zaps a wand.
The bolt of acid hits you!!
Ouch! That really hurt!
You die...

Skill      XL: |  1  2  3 |
---------------+----------+-----
Throwing       | 2 3 4 |  4.0
Fighting       | |  2.0
Staves         | |  2.6
Dodging        | |  2.6

Action                   |  1- 3 |  4- 6 || total
-------------------------+-------+-------++-------
Melee: Quarterstaff      |   149 |     8 ||   157
       Kick              |     6 |     1 ||     7
  Use: Scroll            |     2 |       ||     2
       Potion            |     2 |       ||     2
Armor: Leather armour    |    63 |     1 ||    64
Dodge: Dodged            |   163 |     5 ||   168

Levels and vault maps discovered:
D:1:      amcnicky_arrival_abandoned_market, layout_rooms, serial_shops,
          nicolae_shop_overgrown_old_shop,
          dreamdust_ecumenical_altar_hidden_monk_grotto, st_stairs_3,
          minmay_three_crescents
D:2:      layout_loops_ring, basic_altar, minmay_misc_feat_encased
D:3:      layout_loops_ring, gup_sewer_entry_spiral, minivault_25,
          feat_on_display, uniq_ijyb

Notes
Turn   | Place    | Note
-------+----------+-------------------------------------------
     0 | D:1      | spaghetti the Demonspawn Gladiator began the quest for the
                  | Orb.
     0 | D:1      | Reached XP level 1. HP: 16/16 MP: 1/1
     0 | D:1      | magus.rc [v1.9.6]
    44 | D:1      | Reached skill level 2 in Throwing
   102 | D:1      | Gained mutation: When seriously injured, your blood forms
                  | armour. (AC +0) [demonic ancestry]
   102 | D:1      | Reached XP level 2. HP: 10/22 MP: 2/2
   309 | D:1      | Found Saduilyl's Assorted Antiques.
   653 | D:1      | You pick up a book of Party Tricks and begin reading...
   653 | D:1      | You add the spells Apportation and Alistair's Intoxication
                  | to your library.
   762 | D:1      | Reached skill level 3 in Throwing
   993 | D:1      | Gained mutation: You have large cloven feet. [demonic
                  | ancestry]
   993 | D:1      | Reached XP level 3. HP: 27/27 MP: 3/3
  1211 | D:1      | Found a faded altar of an unknown god.
  1601 | D:2      | Found an ancient bone altar of Kikubaaqudgha.
  2273 | D:3      | Reached skill level 4 in Throwing
  2273 | D:3      | Gained mutation: You have hoof-like feet. [demonic
                  | ancestry]
  2273 | D:3      | Reached XP level 4. HP: 33/33 MP: 4/4
  2331 | D:3      | Noticed Ijyb
  2342 | D:3      | Killed from afar by Ijyb

Vanquished Creatures
  2 adders
  6 ball pythons
  4 bats
  3 endoplasms
  A giant cockroach (D:1)
  3 hobgoblins
  7 jackals (D:1)
  8 kobolds
  2 quokkas
  5 frilled lizards
  5 goblins
  6 rats (D:1)
52 creatures vanquished.

Vanquished Creatures (others)
  4 fungi (D:1)
  3 plants (D:1)
7 creatures vanquished.

Grand Total: 59 creatures vanquished

Table legend:
 A = Non-vault XP
 B = Vault XP
 C = Vault XP percentage of total XP
 D = Non-vault monster count
 E = Vault monster count
 F = Vault count percentage of total count
                 A         B        C        D         E       F
            +---------+---------+-------+---------+---------+-------
      Total |      96 |      11 |  10.3 |      44 |       8 |  15.4
            +---------+---------+-------+---------+---------+-------
        D:1 |      48 |      11 |  18.6 |      29 |       8 |  21.6
        D:2 |      28 |       0 |   0.0 |      10 |       0 |   0.0
        D:3 |      20 |       0 |   0.0 |       5 |       0 |   0.0
            +---------+---------+-------+---------+---------+-------

Illustrated notes

Table legend:
 A = Kills in this place as a percentage of kills in entire the game.
 B = Kills by you in this place as a percentage of kills by you in the entire game.
 C = Kills by friends in this place as a percentage of kills by friends in the entire game.
 D = Other kills in this place as a percentage of other kills in the entire game.
 E = Experience gained in this place as a percentage of experience gained in the entire game.
 F = Experience gained in this place divided by the number of levels of this place that you have seen.
                   A       B       C       D       E      F
               +-------+-------+-------+-------+-------+----------------------
         Total | 100.0 | 100.0 |   N/A |   N/A | 100.0 |  35.7
       Dungeon | 100.0 | 100.0 |   N/A |   N/A | 100.0 |  35.7
               +-------+-------+-------+-------+-------+----------------------

Table legend: (Time is in decaauts)
 A = Elapsed time spent in this place.
 B = Non-inter-level travel time spent in this place.
 C = Inter-level travel time spent in this place.
 D = Time resting spent in this place.
 E = Time spent auto-exploring this place.
 F = Levels seen in this place.
 G = Mean time per level.
                   A        B        C        D        E       F      G
               +--------+--------+--------+--------+--------+-----+--------+
         Total |   2367 |   2304 |     63 |    692 |   1277 |   3 |  789.0 |
       Dungeon |   2367 |   2304 |     63 |    692 |   1277 |   3 |  789.0 |
               +--------+--------+--------+--------+--------+-----+--------+

Top non-repeatable levels by time:
     D:1: 1313 daAuts
     D:2: 819 daAuts
     D:3: 234 daAuts
